AoeStats
← | ArCas | Toruk Makto

African Clearing

505361353Analyzed
4v4 RM · 23d ago on Sep 9, 2026· 17m 54s· 8 players
Game mode
Random Map
Map size
Large (8 player)
Population
200
Speed
Normal
Resources
Standard
Victory
Conquest
Starting age
Dark Age
Ending age
Imperial Age
RankedLock teamsTeams togetherTeam positionsShared explorationLock speedFull tech treeHidden civsTurbo modeCheats
Victory
Defeat
🇨🇦 Persians · Canada
1432
+9
🇮🇳 Turks · India
1410
+10
🇺🇸 Chinese · United States
1407
+10
🇺🇸 Mongols · United States
1195
+20
🇦🇷 Khmer · Argentina
1320
-14
🇧🇪 Japanese · Belgium
1301
-13
🇺🇸 Dravidians · United States
1265
-12
🇨🇱 Berbers · Chile
1208
-10
frivolous spender
12:15 Loom
14:29 Feudal Age
19:47 Castle Age
| ArCas | Toruk Makto
12:56 Feudal Age
16:27 Castle Age
15:53 Loom
Tangafair
4:44 Loom
16:09 Feudal Age
-DOKO-
3:44 Loom
13:29 Feudal Age
17:06 Castle Age
15:16 Double-Bit Axe
H3adak3
12:25 Feudal Age
16:26 Castle Age
15:29 Double-Bit Axe
16:59 Horse Collar
17:16 Loom
18:11 Wheelbarrow
鸭子
3:44 Loom
13:41 Feudal Age
18:14 Castle Age
17:48 Bloodlines
17:49 Double-Bit Axe
18:36 Forging
zhazhahui
7:53 Loom
12:56 Feudal Age
15:14 Double-Bit Axe
16:52 Wheelbarrow
16:51 Forging
23
7:06 Loom
12:26 Feudal Age
13:02 Double-Bit Axe
15:02 Horse Collar
Connection lost

Rejoining the realm…

Still unreachable

The connection could not be restored.

Session expired

The server has moved on; the page needs a fresh start.